 Dungeon Crawl Stone Soup version 0.19-a0-45-g2c295ea (webtiles) character file.

95 M4edhros the Insei (level 4, 0/32 HPs)
             Began as a Vampire Transmuter on May 5, 2016.
             Slain by a phantom (7 damage)
             ... on level 4 of the Dungeon.
             The game lasted 00:04:52 (603 turns).

M4edhros the Insei (Vampire Transmuter)              Turns: 603, Time: 00:04:53

Health: 0/32       AC:  2    Str: 10    XL:     4   Next: 40%
Magic:  7/7        EV: 12    Int: 15    God:
Gold:   82         SH:  0    Dex: 14    Spells: 2 memorised, 4 levels left

rFire  . . .     SeeInvis +       - Unarmed
rCold  . . .     Gourm    .     b - +0 robe
rNeg   . . .     Faith    .     (no shield)
rPois  .         Spirit   .     (no helmet)
rElec  .         Dismiss  .     (no cloak)
rCorr  .         Reflect  .     (no gloves)
SustAt .         Harm     .     (no boots)
MR     .....                    (no amulet)
Stlth  +.........               (no ring)
                                (no ring)

@: regenerating very quickly, not resistant to hostile enchantments, very
unstealthy
A: fangs 3, see invisible, unbreathing
a: no special abilities


You were on level 4 of the Dungeon.
You were almost alive.

You visited 1 branch of the dungeon, and saw 4 of its levels.

You collected 82 gold pieces.

Inventory:

Missiles
 a - 28 arrows
Armour
 b - a +0 robe (worn)
 g - a +0 chain mail
Scrolls
 h - 2 scrolls of identify {unknown}
 i - a scroll of remove curse {unknown}
 j - a scroll of teleportation {unknown}
Potions
 d - a potion of flight
 e - 6 potions of blood
Books
 c - a book of Changes

   Spells                             Type                      Level
   a - Beastly Appendage              Transmutation                1
   b - Sticks to Snakes               Transmutation                2
   c - Spider Form                    Transmutation/Poison         3
   d - Ice Form                       Ice/Transmutation            4
   e - Blade Hands                    Transmutation                5


   Skills:
 - Level 1.0 Fighting
 - Level 2.2 Dodging
 + Level 4.8 Unarmed Combat
 - Level 2.1 Spellcasting
 + Level 3.5 Transmutations


You had 4 spell levels left.
You knew the following spells:

 Your Spells              Type           Power        Failure   Level  Hunger
a - Beastly Appendage     Trmt           ##....       6%          1    #......
b - Sticks to Snakes      Trmt           ##......     10%         2    ###....


Dungeon Overview and Level Annotations

Branches:
Dungeon (3/15)

Altars:
Nemelex Xobeh
Okawaru
Xom
Zin


Innate Abilities, Weirdness & Mutations

Your natural rate of healing is extremely fast.
You have razor-sharp teeth.
You have supernaturally acute eyesight.
You can survive without breathing.


Message History

The phantom blinks!
Drink which item? (? for menu, Esc to quit)
Yummy - fresh blood!
You swing at nothing.
The phantom blinks!
You swing at nothing.
Your cleaving frenzy subsides.
You swing at nothing.
You barely miss the phantom.
The phantom is lightly damaged.
You barely miss the phantom.
The phantom is lightly damaged.
The phantom closely misses you.
You miss the phantom.
The phantom is lightly damaged.
The phantom hits you.
* * * LOW HITPOINT WARNING * * *
You hit the phantom but do no damage. Your punch misses the phantom.
The phantom is lightly damaged.
The phantom hits you!
You die...

.....#...#...#
.....#...#..#
.....#####..#
......._..†.#
#........^## #.........#
#.%.......# #.........#
#.....@...# #
#......W..# .#
#.........# .# .
#.........# ..#
#(####.........###..####
#.......................
....<.......(..._.......
#.............####..####
................. ....


You could see a phantom.

Vanquished Creatures
  A scorpion (D:4)
  An adder (D:2)
  An ooze (D:4)
  A dart slug (D:1)
  2 giant geckos (D:1)
  A ball python (D:3)
  A giant cockroach (D:1)
  5 goblins
  3 hobgoblins
  3 kobolds
  A bat (D:2)
  3 giant newts (D:2)
  6 rats
29 creatures vanquished.

Notes
Turn   | Place    | Note
--------------------------------------------------------------
     0 | D:1      | M4edhros the Vampire Transmuter began the quest for the Orb.
     0 | D:1      | Reached XP level 1. HP: 14/14 MP: 3/3
    24 | D:1      | Reached skill level 1 in Fighting
    69 | D:1      | Reached XP level 2. HP: 11/21 MP: 1/5
   177 | D:2      | Reached skill level 4 in Unarmed Combat
   279 | D:2      | Found an iron altar of Okawaru.
   314 | D:1      | Reached XP level 3. HP: 24/26 MP: 6/6
   370 | D:2      | Found a faded altar to an unknown god.
   468 | D:2      | Learned a level 2 spell: Sticks to Snakes
   472 | D:2      | You fall through a shaft!
   529 | D:3      | You fall through a shaft!
   531 | D:4      | Found a sparkling altar of Nemelex Xobeh.
   548 | D:4      | Found a glowing silver altar of Zin.
   550 | D:4      | Noticed an angel
   554 | D:4      | Found a shimmering altar of Xom.
   554 | D:4      | Noticed a scorpion
   555 | D:4      | Noticed a phantom
   574 | D:4      | Killed a scorpion
   574 | D:4      | Reached XP level 4. HP: 11/32 MP: 7/7
   603 | D:4      | Slain by a phantom

Vault maps used:
D:1:      dpeg_arrival_line_fractal
D:2:      okawaru_ov_weapons_minmay, ecumenical_altar_1
D:3:      old_standard_altar, vehumet_crystals, first_bread
D:4:      grunt_temple_overflow_order_and_chaos_1, nemelex_deck,
          cheibriados_altar_wand_db, kennysheep_mini, kennysheep_mini_moat,
          nicolae_ru_the_path_less_chosen, minmay_temple_entry_fiery,
          serial_bayou_pond_d

Skill      XL: |  1  2  3 |
---------------+----------+-----
Fighting       | 1 |  1.0
Unarmed Combat | 4 |  4.8
Transmutations | 3 |  3.5
Dodging        | |  2.2
Spellcasting   | |  2.1

Action                   |  1- 3 |  4- 6 || total
-------------------------+-------+-------++-------
Melee: Unarmed           |    96 |     8 ||   104
       Bite              |     6 |       ||     6
       Punch             |     3 |       ||     3
       Headbutt          |     1 |       ||     1
 Cast: Beastly Appendage |     2 |       ||     2
Evoke: Deck              |     1 |     7 ||     8
  Use: Potion            |    11 |     1 ||    12
 Stab: Sleeping          |     4 |       ||     4
Armor: Robe              |     9 |       ||     9
Dodge: Dodged            |    60 |     1 ||    61
